 Dungeon Crawl Stone Soup version 0.30.1-4-g462c640d31 (webtiles) character file.

Game seed: 3908264962542186781

119 LynnLen the Sneak (level 4, 0/21 HPs)
             Began as a Spriggan Enchanter on Aug 23, 2023.
             Killed by divine providence
             ... invoked by an orc priest
              (13 damage)
             ... on level 3 of the Dungeon on Aug 25, 2023.
             The game lasted 00:13:27 (2615 turns).

LynnLen the Sneak (Spriggan Enchanter)              Turns: 2615, Time: 00:13:28

Health: 0/21       AC:  6    Str:  8    XL:     4   Next: 73%
Magic:  0/9        EV: 19    Int: 18    God:
Gold:   200        SH:  0    Dex: 24    Spells: 4/9 levels left

rFire   . . .        d - +1 short sword of Sufficient Guilt {freeze, Str+4 Dex+3 Stlth+}
rCold   . . .        (no shield)
rNeg    . . .        b - +0 robe
rPois   .            (helmet restricted)
rElec   .            (no cloak)
rCorr   .            (gloves unavailable)
SInv    +            (boots unavailable)
Will    .....        (no amulet)
Stlth   ++++         f - +4 ring of protection
HPRegen 0.23/turn    e - +6 ring of dexterity
MPRegen 0.11/turn

%: no passive effects
@: invisible, very quick
A: very small, no large weapons, unfitting armour, see invisible, speed 3
a: no special abilities


You were on level 3 of the Dungeon.
You visited 1 branch of the dungeon, and saw 3 of its levels.

You collected 200 gold pieces.

Inventory:

Hand Weapons
 d - the +1 short sword of Sufficient Guilt (weapon) {freeze, Str+4 Dex+3 Stlth+}
   (You acquired it on level 3 of the Dungeon)

   Str:       It affects your strength (+4).
   Dex:       It affects your dexterity (+3).
   Stlth:     It makes you more stealthy.
 h - a +2 dagger of speed
Armour
 b - a +0 robe (worn)
Jewellery
 e - a +6 ring of dexterity (right hand)
 f - a +4 ring of protection (left hand)
Scrolls
 g - a scroll of vulnerability {unknown}
 i - a scroll of enchant weapon {unknown}
Potions
 a - a potion of curing
 c - a potion of invisibility


   Skills:
 + Level 0.9 Fighting
 * Level 2.4 Short Blades
 + Level 3.3 Dodging
 + Level 5.1 Stealth
 + Level 3.2 Spellcasting
 * Level 4.5 Hexes
 + Level 0.8 Ice Magic


You had 4 spell levels left.
You knew the following spells:

 Your Spells              Type           Power      Damage    Failure   Level
a - Ensorcelled Hibernat  Hex/Ice        24%        N/A       8%          2
b - Confusing Touch       Hex            19%        N/A       8%          3

Your spell library contained the following spells:

 Spells                   Type           Power      Damage    Failure   Level
 Tukima's Dance           Hex            19%        N/A       8%          3
 Dazzling Flash           Conj/Hex       22%        N/A       19%         3
 Poisonous Vapours        Pois/Air       4%         N/A       24%         2
 Mephitic Cloud           Conj/Pois/Air  2%         N/A       43%         3
 Freezing Cloud           Conj/Ice/Air   1%         6-21      98%         5


Dungeon Overview and Level Annotations

Branches:
Dungeon (3/15)

Altars:


Innate Abilities, Weirdness & Mutations

You are very small and have problems with some larger weapons.
You are too small for most types of armour.
You have supernaturally acute eyesight. (SInv)
You cover ground extremely quickly. (Speed+++)


Message History

You impale the ball python!!
The ball python seems to slow down.
You freeze the ball python.
You kill the ball python!
You don't have enough magic to cast this spell.
You don't have enough magic to cast this spell.
Unknown command.
You barely miss the goblin. You closely miss the goblin. The goblin misses you.
You puncture the goblin! You freeze the goblin.
You kill the goblin!
You hit the orc priest but do no damage.
The orc priest hits you but does no damage.
You hit the orc priest but do no damage.
The orc priest hits you but does no damage.
You hit the orc priest. You freeze the orc priest.
The orc priest is moderately wounded.
The orc priest hits you with a +0 short sword.
You hit the orc priest. You freeze the orc priest.
The orc priest is almost dead.
The orc priest calls down the wrath of Beogh upon you.
Pain shoots through your body!
You hit the orc priest but do no damage.
The orc priest is almost dead.
The orc priest invokes the aid of Beogh against you.
Pain shoots through your body!
* * * LOW HITPOINT WARNING * * *
Unknown command.
It was a potion of curing.
You feel better. The orc priest barely misses you.
You feel better.
The orc priest hits you but does no damage.
Aiming: Ensorcelled Hibernation (safe; 8% risk of failure)
Press: ? - help, Q - select action Shift-Dir - straight line, f - orc priest
Aim: an orc priest, wielding a +0 short sword and wearing a +0 leather armour (almost dead, chance to affect: 46%)
The orc priest resists with some effort.
The orc priest closely misses you.
You fade into invisibility!
The orc priest mumbles some strange prayers to Beogh against you.
Beogh smites you!
Ouch! That really hurt!
You die...

.....^...."'###...
#..^.^.^^.# .....^..^#
.......# .....#
################...##
..........$.....ww..#
#####........:)#o###....
#..........#@# .
#........†.#.#
#..........#.#
#........###.#
#........# ...
#........#....#
#.........$...#
#.....>..#....#
######+###....#


You could see 2 worms and an orc priest (unable to see you).

Vanquished Creatures
  An orc wizard (D:3)
  3 gnolls (D:3)
  2 worms (D:3)
  3 dart slugs
  2 orcs
  2 endoplasms (D:2)
  5 goblins
  6 hobgoblins
  3 quokkas
  10 ball pythons
  9 bats
  4 frilled lizards
  A kobold (D:2)
  4 rats
55 creatures vanquished.

Notes
Turn   | Place    | Note
-------+----------+-------------------------------------------
     0 | D:1      | LynnLen the Spriggan Enchanter began the quest for the Orb.
     0 | D:1      | Reached XP level 1. HP: 9/9 MP: 5/5
   370 | D:1      | Reached XP level 2. HP: 13/13 MP: 6/6
   373 | D:1      | Learned a level 2 spell: Ensorcelled Hibernation
  1287 | D:2      | Reached XP level 3. HP: 17/17 MP: 8/8
  1294 | D:2      | Learned a level 3 spell: Confusing Touch
  2351 | D:3      | Reached skill level 5 in Stealth
  2359 | D:3      | Reached XP level 4. HP: 15/21 MP: 0/9
  2512 | D:3      | Identified a scroll of acquirement
  2512 | D:3      | Acquired the +1 short sword of Sufficient Guilt {freeze,
                  | Str+4 Dex+3 Stlth+}
  2615 | D:3      | Killed from afar by an orc priest

Illustrated notes

Levels and vault maps discovered:
D:1:      dpeg_arrival_rhombus, layout_basic
D:2:      layout_loops_corners, nicolae_titane
D:3:      layout_basic, overflow_temple_1_default, basic_ecumenical_altar,
          nicolae_wormholes

Skill      XL: |  1  2  3 |
---------------+----------+-----
Hexes          | 4 |  4.5
Dodging        | 3 |  3.3
Spellcasting   | 3 |  3.2
Short Blades   | 2 |  2.4
Stealth        | 5 |  5.1
Fighting       | |  0.9
Ice Magic      | |  0.8

Action                     |  1- 3 |  4- 6 || total
---------------------------+-------+-------++-------
  Melee: Dagger            |   107 |     9 ||   116
         Punch             |     1 |       ||     1
         Short sword       |       |    15 ||    15
   Cast: Ensorcelled Hiber |    10 |     9 ||    19
    Use: Scroll            |     3 |     1 ||     4
         Potion            |       |     3 ||     3
   Stab: Sleeping          |    18 |     6 ||    24
 Armour: Robe              |    26 |     3 ||    29
  Dodge: Dodged            |    78 |    14 ||    92
